 Dungeon Crawl Stone Soup version 0.17.0-28-g6e173f8 (webtiles) character file.

19 lucasterio the Magician (level 2, -2/17 HPs)
             Began as an Octopode Wizard on Dec 2, 2015.
             Slain by an adder (4 damage)
             ... on level 2 of the Dungeon.
             The game lasted 00:04:44 (1072 turns).

lucasterio the Magician (Octopode Wizard)           Turns: 1072, Time: 00:04:44

Health: -2/17      AC:  1    Str:  6    XL:     2   Next: 75%
Magic:  4/6        EV: 12    Int: 20    God:
Gold:   36         SH:  0    Dex: 10    Spells: 1 memorised, 6 levels left

rFire  . . .     SeeInvis .     e - +0 dagger
rCold  . . .     Clarity  .     (no shield)
rNeg   . . .     SustAt   .     a - +0 hat
rPois  .         Gourm    .     (no amulet)
rElec  .         Spirit   .     (no ring)
rCorr  .         Warding  .     (no ring)
rMut   .         Stasis   .     (no ring)
MR     .....                    (no ring)
Stlth  +++.......               (no ring)
                                (no ring)
                                (no ring)
                                (no ring)

@: not resistant to hostile enchantments, fairly stealthy
A: almost no armour, amphibious, 8 rings, constrict 8, camouflage 1, gelatinous
body 1
a: no special abilities


You were on level 2 of the Dungeon.
You were not hungry.

You visited 1 branch of the dungeon, and saw 2 of its levels.

You collected 36 gold pieces.

Inventory:

Hand Weapons
 e - a +0 dagger (weapon)
Missiles
 d - 7 exploding tomahawks (quivered)
Armour
 a - a +0 hat (worn)
Scrolls
 f - 2 scrolls of recharging {unknown}
 g - a scroll of fog {unknown}
 j - a scroll of teleportation {unknown}
 k - a scroll of identify {unknown}
Potions
 h - 2 potions of magic {unknown}
 l - a potion of invisibility {unknown}
Books
 b - a book of Minor Magic

   Spells                             Type                      Level
   a - Magic Dart                     Conjuration                  1
   b - Blink                          Translocation                2
   c - Call Imp                       Summoning                    2
   d - Repel Missiles                 Charms/Air                   2
   e - Slow                           Hexes                        2
   f - Conjure Flame                  Conjuration/Fire             3
   g - Mephitic Cloud                 Conjuration/Poison/Air       3
Comestibles
 c - 2 bread rations


   Skills:
 - Level 2.0 Dodging
 - Level 2.6 Stealth
 + Level 3.2 Spellcasting
 * Level 2.1 Conjurations
   Level 1.0 Summonings
   Level 1.0 Translocations


You had 6 spell levels left.
You knew the following spells:

 Your Spells              Type           Power        Failure   Level  Hunger
a - Magic Dart            Conj           ##..         10%         1    None


Dungeon Overview and Level Annotations

Branches:
Dungeon (2/15)

Altars:


Innate Abilities, Weirdness & Mutations

You cannot wear most types of armour.
You are amphibious.
You can wear up to eight rings at the same time.
You can use your tentacles to constrict eight enemies at once.
Your skin changes colour to match your surroundings (Stealth).
Your rubbery body absorbs attacks (AC +1).


Message History

The adder misses you. The adder closely misses you.
There is an open door here.
The adder bites you. The adder bites you.
All of the chunks of flesh in your inventory have rotted away.
You open the door. The adder bites you.
There is an open door here.
The adder barely misses you. The adder bites you.
* * * LOW HITPOINT WARNING * * *
Casting: Magic Dart
Confirm with . or Enter, or press ? or * to list all spells.
Aiming: Magic Dart
Press: ? - help, Shift-Dir - straight line, f/p - adder
Aim: an adder (lightly wounded)
The magic dart hits the adder.
The adder is moderately wounded.
The adder bites you.
You die...

###. ############ #.#.
#..........# # #...
#######..........# ..#.##...
.#....'..........+ .........
#.....#..........# #####........
+.....######'########.......# #..
#.....# #...S@...#.......# #..
......# ##...###.#.......###..
......# #...# #.#............
...#'###### #...# #.#......#####.
...#......###...###.#......#####.
..>..............................
'#.###...........##.#......#####.
.#.# #...........##.#.........###
.### #...........##.#.........# #


You could see an adder.

Vanquished Creatures
  A giant gecko (D:2)
  2 hobgoblins (D:1)
  4 kobolds
  3 bats (D:1)
  4 giant newts
  3 goblins (D:1)
  2 rats (D:2)
19 creatures vanquished.

Notes
Turn   | Place    | Note
--------------------------------------------------------------
     0 | D:1      | lucasterio the Octopode Wizard began the quest for the Orb.
     0 | D:1      | Reached XP level 1. HP: 11/11 MP: 4/4
   405 | D:1      | Reached XP level 2. HP: 17/17 MP: 1/6
  1072 | D:2      | Slain by an adder

Action                   || total
-------------------------++-------
Melee: Dagger            ||     2
 Cast: Magic Dart        ||    39
